[Event "*** Titled Tuesday Blitz"]
[Site "Chess.com"]
[Date "2019.11.05"]
[Round "4"]
[White "BlueWizzard"]
[Black "Witik"]
[Result "0-1"]
[WhiteElo "2830"]
[BlackElo "2585"]
[TimeControl "180+2"]
[EndTime "13:54:28 PST"]
[Termination "Witik won by resignation"]

1. d4 Nf6 2. Nf3 g6 3. Bg5 Bg7 4. Nbd2 d5 5. e3 O-O 6. Be2 c5 7. c3 Nbd7 8. O-O Re8 9. Qb3 b6 10. a4 a6 11. Qa3 h6 12. Bh4 Bb7 13. a5 Ne4 14. Nxe4 dxe4 15. Nd2 g5 16. Bg3 e5 17. axb6 exd4 18. exd4 cxd4 19. cxd4 Nxb6 20. Nb3 Bd5 21. Rac1 f5 22. Bc7 Qf6 23. Nc5 Bf7 24. Be5 Rxe5 25. dxe5 Qxe5 26. Qa5 Nd5 27. Bc4 e3 28. Nd3 Qd4 29.
Kh1 Re8 30. fxe3 Rxe3 31. Rfd1 Qe4 32. Nc5 Qe5 33. Bxd5 Bxd5 34. Qd8+ Kh7 35. Qxd5 Re1+ 36. Rxe1 Qxd5 37. b4 f4 38. Red1 Qa8 39. Rd7 Kg6 40. Rd6+ Kh5 41. Ne6 Be5 42. Rdc6 f3 43. gxf3 Qb7 44.
R1c4 Qd7 45. Rc2 Qd1+ 46. Kg2 Qe1 47. R6c4 Qd1 48. Rf2 Qb3 49. Rfc2 Qd3 50. Nc5 Qf5 51. Ne4 Qf4 52. Ng3+ Kg6 53. Rc6+ Kf7 54. Re2 Bd4 55. Rxh6 g4 56. Rh7+ Kg6 57. fxg4 Kxh7 58. h3 Be5 59. Nf1 Bd6 60. Rf2 Qxb4 61. Rf5 Qe4+ 62. Kf2 Bc5+ 63. Rxc5 Qd4+ 64. Kg3 Qxc5 65. Nd2 a5 66. Nf3 a4 67. g5 a3 68. Nd2 Qc3+ 0-1

[Event "*** Titled Tuesday Blitz"]
[Site "Chess.com"]
[Date "2019.11.05"]
[Round "4"]
[White "FelixJoseYnojosa"]
[Black "WinningButNotReally"]
[Result "1-0"]
[WhiteElo "2631"]
[BlackElo "2423"]
[TimeControl "180+2"]
[EndTime "13:54:30 PST"]
[Termination "FelixJoseYnojosa won by resignation"]

1. c4 g6 2. Nc3 Nf6 3. e4 e5 4. Nf3 Nc6 5. d4 exd4 6. Nxd4 Nxd4 7. Qxd4 Bg7 8. e5 Qe7 9. Be2 Nh5 10. f4 d6 11. Nd5 dxe5 12. Qe3 Qd8 13. Bxh5 gxh5 14.
fxe5 Qh4+ 15. g3 Qxc4 16. Nf6+ Kf8 17. Bd2 Bxf6 18. exf6 Qe6 19. Bb4+ Kg8 20. Qxe6 Bxe6 21. Rc1 c6 22. Rc5 h6 23. Rxh5 Kh7 24. Bd2 Kg6 25.
Rh4 Kxf6 26. Bc3+ Kg6 27. Bxh8 Rxh8 28. Kf2 Rd8 29. Re1 Bxa2 30. Ra4 Be6 31. Rxa7 Rd7 32.
Ke3 h5 33. Re2 Kf6 34. Rd2 Re7 35. Kf2 Ke5 36. Ra4 Kf5 37. Rf4+ Kg6 38. Re2 Rd7 39. Ke1 Bg4 40. Rd2 Re7+ 41. Kf2 Bf5 42. Rfd4 f6 43. Rd8 Kg7 44. Rb8 Bh3 45. b4 Be6 46. Re2 Kf7 47. Rh8 Rd7 48. Rxh5 Kg6 49. Rh4 Bf5 50. Rb2 Rd3 51. Rf4 Be6 52. h4 Bd5 53. Re2 b6 54. Rb2 c5 55. bxc5 bxc5 56. Rb6 c4 57. Rbxf6+ Kg7 58. Rd6 c3 59. Rd7+ Kg6 60.
Rc7 Rd2+ 61. Ke3 Rc2 62. Kd3 Rg2 63. Rg4+ Kf6 64. Kxc3 Be6 65. Rg5 Rh2 66. Ra7 Rh3 67. Ra6 Rh1 68. Kd4 Rd1+ 69. Ke3 Re1+ 70. Kf2 Re4 71. Rc5 Kf7 72. Rc7+ Kf8 73. Ra8+ 1-0

[Event "*** Titled Tuesday Blitz"]
[Site "Chess.com"]
[Date "2019.11.05"]
[Round "4"]
[White "NZT72"]
[Black "MaximDlugy"]
[Result "1-0"]
[WhiteElo "2503"]
[BlackElo "2802"]
[TimeControl "180+2"]
[EndTime "13:54:35 PST"]
[Termination "NZT72 won on time"]

1. c4 c5 2. g3 Nc6 3. Bg2 g6 4. Nc3 Bg7 5. b3 Nh6 6. Bb2 Nf5 7. e3 O-O 8. Nge2 a6 9. d3 b5 10. Qd2 Rb8 11. h4 h5 12. Ne4 Bxb2 13. Qxb2 d6 14.
Qd2 Bb7 15. g4 hxg4 16. h5 Ne5 17. hxg6 fxg6 18. Nf4 Qd7 19. O-O-O Ng7 20. Rh6 g5 21. Nxg5 Bxg2 22. Nxg2 Qf5 23. e4 Qxf2 24. Rdh1 Qxd2+ 25. Kxd2 Nf3+ 26. Nxf3 gxf3 27. Ne3 Kf7 28. Rh7 e6 29. Rg1 Rg8 30. Rg3 f2 31. Rf3+ Kg6 32. Rh2 Rbf8 33. Rg2+ Kh6 34. Ng4+ Kh7 35. Nf6+ Rxf6 36. Rxf6 bxc4 37.
bxc4 e5 38. Rfxf2 Ne6 39. Rf7+ Rg7 40. Rgxg7+ Nxg7 41. Ra7 Kg6 42. Rxa6 Ne8 43. Rc6 Kf7 44. Rc8 Ke7 45. Kc3 Kd7 46. Ra8 Nc7 47. Rh8 Kc6 48.
Rh7 Ne6 49. a4 Nc7 50. Rh6 Na6 51. Rh8 Nb4 52. Rb8 Na6 53. Rc8+ Kb7 54. Rd8 Kc7 55. Rg8 Nb4 56. a5 Kb7 57. Rg6 Kc6 58. Rh6 Na6 59. Rh8 Nb4 60. Rb8 Na2+ 61. Kb2 Nb4 62. Rxb4 cxb4 63. Kb3 Kc5 64. Ka4 Kd4 65. Kxb4 Kxd3 66. a6 1-0

[Event "*** Titled Tuesday Blitz"]
[Site "Chess.com"]
[Date "2019.11.05"]
[Round "4"]
[White "Philosopherrr"]
[Black "belisarius64"]
[Result "1-0"]
[WhiteElo "2356"]
[BlackElo "2582"]
[TimeControl "180+2"]
[EndTime "13:54:41 PST"]
[Termination "Philosopherrr won by resignation"]

1. c4 g6 2. Nc3 Bg7 3. Nf3 Nf6 4. h4 c5 5. d4 cxd4 6. Nxd4 Nc6 7. Nb3 d6 8. e4 Bd7 9. Be2 Rc8 10. Be3 b6 11. h5 Nxh5 12. Bxh5 gxh5 13. Nd4 Nxd4 14.
Bxd4 e5 15. Be3 Rxc4 16. Qxd6 Be6 17. Qa3 Qe7 18. Qxe7+ Kxe7 19. Rxh5 h6 20. Rd1 Bg4 21. Rh1 Bxd1 22. Kxd1 Rd8+ 23. Nd5+ Ke8 24. f3 Rd6 25. b3 Rc8 26. g4 Rdc6 27. Rh2 Kf8 28. Re2 b5 29.
Rh2 a5 30. Re2 a4 31. b4 Ke8 32. Rh2 Bf8 33. a3 Rd8 34. Bd2 Rxd5 35. exd5 Rd6 36. Ke2 Rxd5 37. Bxh6 Be7 38. Be3 Kd7 39. Rh7 Ke6 40.
Rh6+ f6 41. Rh8 Kd7 42. Rb8 Kc7 43. Ra8 Rd7 44. Ra7+ Kc6 45. Ra6+ Kd5 46. Kd3 e4+ 47.
fxe4+ Ke5+ 48. Ke2 Kxe4 49. Rb6 Rc7 50. Rxb5 Rc2+ 51. Bd2 Ra2 52. Rb6 Kd5 53. Rb7 Bd6 54. Rd7 Ke6 55. Ra7 Bf4 56. Ra6+ Kf7 57. Rxa4 Bxd2 58.
Kd3 Bc1 59. Ra7+ Kg6 60. a4 Rg2 61. a5 Rxg4 62. Kc3 Rg3+ 63. Kc4 Bd2 64. b5 Rg4+ 65. Kd3 Bxa5 66. Rxa5 Rb4 67. Kc3 Rb1 68. Kc2 Rb4 69. Kc3 Rb1 70. Kc4 Kf5 71. b6+ Ke6 72. Rb5 Rc1+ 73.
Kd4 Rc8 74. b7 Rb8 75. Kc5 f5 76. Kc6 f4 77. Kc7 Rxb7+ 78. Kxb7 f3 79. Rb3 1-0

[Event "*** Titled Tuesday Blitz"]
[Site "Chess.com"]
[Date "2019.11.05"]
[Round "4"]
[White "Joshukid"]
[Black "ehrenfeld"]
[Result "1/2-1/2"]
[WhiteElo "2695"]
[BlackElo "2521"]
[TimeControl "180+2"]
[EndTime "13:54:46 PST"]
[Termination "Game drawn by repetition"]

1. Nf3 Nf6 2. c4 e6 3. g3 a6 4. Nc3 d5 5. cxd5 exd5 6. d4 Be7 7. Bg2 O-O 8. O-O c6 9. Ne5 Bf5 10. Bf4 Nbd7 11. Re1 Bb4 12. Qb3 Bxc3 13. Qxc3 Nxe5 14.
dxe5 Ne4 15. Qb4 b5 16. Rad1 Qb6 17. Be3 c5 18. Bxe4 cxb4 19. Bxb6 dxe4 20. Bc5 Rfe8 21. Bxb4 Rxe5 22. Rd6 h5 23. Rc1 Be6 24. a3 a5 25.
Bd2 Bc4 26. Bc3 Ree8 27. Kf1 a4 28. Rcd1 Rac8 29. h4 Rc5 30. Ke1 Rf5 31. R1d4 Kh7 32. e3 g5 33. hxg5 Rxg5 34. Rd8 Rxd8 35. Rxd8 Kg6 36.
Re8 Bd3 37. Bd4 Rd5 38. Rg8+ Kf5 39. Kd2 Ke6 40. Rh8 Rf5 41. Ke1 Kd5 42. Rc8 Kd6 43.
Bg7 Kd7 44. Rc1 Ke6 45. Bf8 Bc4 46. Bg7 Rd5 47. Bd4 Kf5 48. Kd2 Kg4 49. Rh1 Kf3 50. Ke1 Rf5 51. Rh2 Bd3 52. Bc3 Bc4 53. Bd4 Bd3 54. Rh4 Kg2 55. Rf4 Rxf4 56. exf4 Kf3 57. Kd2 f5 58. Be3 Bc4 59. Kc3 Bd3 60. Kd4 Kg4 61. Ke5 Bc4 62. Kf6 Bd3 63. Bd4 Bc4 64. Be3 Bd3 65. Ke5 Bc4 66. Kd4 Bd3 67. Kc3 Bc4 68. Bd4 Kf3 69. Be3 Kg4 70. Kc2 Kf3 71. Kd2 Kg4 72. Kc3 Bd3 73. b3 axb3 74. Kxb3 Be2 75.
Kb4 Bf1 76. Kc3 Be2 77. Kd2 Bd3 78. Bd4 Bc4 79. Kc3 Bd3 80. Be3 Kf3 81. Kb2 Bc4 82. Kc3 Bf1 83. Kb4 Kg4 84. Kc3 Kf3 85. Kd2 Kg4 86. Kc3 1/2-1/2

[Event "*** Titled Tuesday Blitz"]
[Site "Chess.com"]
[Date "2019.11.05"]
[Round "4"]
[White "gemarin"]
[Black "Recombinant"]
[Result "0-1"]
[WhiteElo "2126"]
[BlackElo "2335"]
[TimeControl "180+2"]
[EndTime "13:54:47 PST"]
[Termination "Recombinant won by resignation"]

1. d4 Nf6 2. c4 e6 3. Nf3 Bb4+ 4. Bd2 a5 5. g3 O-O 6. Bg2 d5 7. O-O dxc4 8. Bg5 b5 9. a4 bxa4 10. Ne5 Ra6 11. Nc3 Rd6 12. e3 Ba6 13. Nxa4 h6 14. Bxf6 Qxf6 15. Nc3 Nd7 16. Ne4 Qxe5 17. dxe5 Rxd1 18.
Rfxd1 Nxe5 19. Nc3 Nd3 20. Na4 Bb5 21. Rdb1 Rd8 22. Bf1 e5 23. Nc3 c6 24. Na2 Nc5 25.
Nxb4 axb4 26. Ra7 Rd2 27. Rc1 Nd3 28. Bxd3 cxd3 29. Rb1 e4 30. b3 Rc2 31. Rd7 d2 32. Rd1 Bd3 33. Kg2 c5 34. f3 f5 35. Kf2 c4 36. bxc4 b3 37. c5 b2 38. Rb7 Rc1 39.
Rxd2 b1=Q 40. Rxb1 Rxb1 41. g4 g6 42. Kg3 Rc1 43.
Kf4 Rxc5 44. h4 h5 45. Rb2 exf3 46. gxh5 gxh5 47. Kxf3 Rc4 48. Rb3 Bc2 49. Rb2 Be4+ 50. Kf4 Bd3+ 51. Kg5 Rg4+ 52. Kxh5 Kf7 53. Rb6 Be4 54.
Rb5 Rg3 55. Kh6 Rxe3 56. h5 Ra3 57. Kg5 Rg3+ 58. Kf4 Rg4+ 59. Ke5 Rh4 60. Ra5 Rxh5 61. Ra7+ Kg6 62. Ra6+ Kg5 63. Ra7 Rh6 64. Rg7+ Rg6 65. Rf7 Kg4 66. Rf8 Ra6 67. Rg8+ Kf3 68. Rh8 Ra5+ 69.
Kd4 Bc2 70. Rh3+ Kg4 71. Rc3 Be4 72. Rc7 Rd5+ 73. Ke3 Rd3+ 74. Kf2 Rd2+ 75. Ke3 Rd3+ 76. Ke2 Kf4 77. Rh7 Rg3 78. Rh4+ Rg4 79. Rh2 Rg2+ 80.
Rxg2 Bxg2 81. Kf2 Bc6 82. Ke2 Kg3 83. Ke3 f4+ 0-1

[Event "*** Titled Tuesday Blitz"]
[Site "Chess.com"]
[Date "2019.11.05"]
[Round "4"]
[White "pedromartinez91"]
[Black "DACF2905"]
[Result "0-1"]
[WhiteElo "2473"]
[BlackElo "2202"]
[TimeControl "180+2"]
[EndTime "13:54:50 PST"]
[Termination "DACF2905 won by resignation"]

1. e4 c5 2. c3 Nc6 3. d3 Nf6 4. Nf3 d6 5. g3 g6 6. Bg2 Bg7 7. O-O O-O 8. a4 Bg4 9. Qe2 Rc8 10. h3 Bxf3 11. Bxf3 e5 12. Bg2 Nd7 13. Na3 a6 14.
Nc4 Nb6 15. Ne3 c4 16. dxc4 Na5 17. Nd5 Naxc4 18. Rd1 Nxd5 19. Rxd5 Nb6 20. Rd1 Qc7 21.
h4 Nc4 22. b3 Na5 23. Qb2 b6 24.
c4 Nc6 25. Rd5 Nb4 26. Rd1 a5 27. Be3 Na6 28. Rd5 Nb4 29. Rd2 Nc6 30. Rad1 Nd4 31. Rxd4 exd4 32. Bxd4 Bxd4 33. Qxd4 Rfd8 34. h5 Qc5 35.
hxg6 hxg6 36. Qb2 Qe5 37. Qe2 Rc5 38. f4 Qc3 39. Rd3 Qa1+ 40. Rd1 Qc3 41. Qd3 Qxd3 42. Rxd3 f6 43. Kf2 Kf7 44. Rd1 Ke7 45. Rd4 Rh8 46. Kg1 g5 47. f5 Kd7 48. Rd2 Re5 49. Kf2 Kc6 50. Kf3 Kc5 51. Kf2 Kb4 52. Rxd6 Kxb3 53.
Rxb6+ Kxa4 54. Rxf6 Kb4 55. Ke3 Rd8 56. Rc6 a4 57. f6 a3 58. Rb6+ Kc3 59. Ra6 Kb2 60.
Rb6+ Ka1 61. f7 a2 62. Rf6 Rf8 63. Kd4 Re7 64. e5 Rexf7 65. Ra6 Rf2 66. Bd5 Kb1 67.
Be4+ Kb2 68. Rb6+ Kc1 69. Ra6 Rd8+ 70. Bd5 Kb1 71. Rb6+ Rb2 72. Ra6 a1=Q 73. Rxa1+ Kxa1 74. e6 Rb3 75. Ke4 Rxg3 76. Bc6 Rg1 77. Kf5 Rf8+ 78. Ke5 g4 79. Kd6 g3 80. e7 Rh8 81. e8=Q Rxe8 82.
Bxe8 g2 83. Bc6 Rd1+ 0-1

[Event "*** Titled Tuesday Blitz"]
[Site "Chess.com"]
[Date "2019.11.05"]
[Round "4"]
[White "timator"]
[Black "SCIM"]
[Result "0-1"]
[WhiteElo "2668"]
[BlackElo "2482"]
[TimeControl "180+2"]
[EndTime "13:54:56 PST"]
[Termination "SCIM won by resignation"]

1. d4 Nf6 2. Nf3 g6 3. c4 Bg7 4. g3 c6 5. Bg2 d5 6. O-O O-O 7. cxd5 cxd5 8. Nc3 Ne4 9. Bf4 Nxc3 10. bxc3 Nc6 11.
Ne5 Nxe5 12. dxe5 Be6 13. Qb3 Qc7 14. Bxd5 Bxd5 15. Qxd5 Rfd8 16. Qe4 Qxc3 17. e6 Qc6 18. exf7+ Kxf7 19. Qxc6 bxc6 20. Rac1 Rac8 21. Rc4 Rd4 22. Rfc1 Rxc4 23. Rxc4 Ke6 24. Rc5 Bd4 25. Ra5 Bb6 26.
Re5+ Kd7 27. Bg5 e6 28. Re4 c5 29. Bd2 c4 30. Bc3 Kd6 31. Kg2 Kd5 32. Re5+ Kd6 33.
g4 Rc5 34. Re4 Kd5 35. Rd4+ Kc6 36. f3 Bc7 37. Bb4 Rd5 38. Rxc4+ Kb7 39. Re4 e5 40. g5 a5 41. Bc3 Rc5 42. Re3 e4 43. h4 exf3+ 44.
Rxf3 Rc4 45. Kh3 a4 46. Bh8 Rc2 47. Ra3 Rxe2 48. Rxa4 Rh2+ 49. Kg4 Rg2+ 50. Kf3 Rg3+ 51. Ke2 Rg2+ 52. Kf1 Rh2 53. Bf6 Rc2 54. Rb4+ Kc6 55. a4 Bd6 56. Re4 Ra2 57. Rd4 Ra1+ 58. Kg2 Ra2+ 59. Kf3 Bc5 60. Rc4 Kd5 61. Rg4 Rf2+ 62. Kg3 Ra2 63. Kf3 Rf2+ 64. Kg3 Ra2 65. h5 gxh5 66. Rh4 Bf2+ 67. Kh3 Bxh4 68. Kxh4 Rxa4+ 69. Kxh5 Ra2 70. Kh6 Rh2+ 71. Kg7 Ke6 72. g6 hxg6 73. Kxg6 Rg2+ 74. Bg5 Rg1 75. Kh5 Kf5 76. Bh4 Rh1 0-1

[Event "*** Titled Tuesday Blitz"]
[Site "Chess.com"]
[Date "2019.11.05"]
[Round "4"]
[White "AndrBaryshpolets"]
[Black "Bigfish1995"]
[Result "1-0"]
[WhiteElo "2773"]
[BlackElo "3012"]
[TimeControl "180+2"]
[EndTime "13:55:03 PST"]
[Termination "AndrBaryshpolets won by resignation"]

1. d4 d5 2. c4 e6 3. Nf3 Nf6 4. Nc3 a6 5. cxd5 exd5 6. Qb3 c6 7. Bf4 Bd6 8. Bxd6 Qxd6 9. e3 O-O 10. Bd3 Re8 11. O-O Nbd7 12. Qc2 Qe7 13. Nd2 Nf8 14. Rab1 Bg4 15. b4 Bh5 16. Rfe1 Bg6 17. Bxg6 hxg6 18. Na4 Ne6 19. Nc5 Ng4 20. Nf3 Qc7 21. Nxe6 Rxe6 22. h3 Nf6 23. a4 b5 24. Ne5 Nd7 25. Nxd7 Qxd7 26. Ra1 Rae8 27. Rec1 Qe7 28. Qc5 Qh4 29. axb5 axb5 30. Ra6 Rf6 31. Rc2 Rc8 32. Qe7 Qg5 33.
Qd7 Qf5 34. Qxf5 gxf5 35. g3 g5 36. Rc5 f4 37. Rxd5 cxd5 38. Rxf6 fxe3 39. fxe3 Rc1+ 40. Kf2 Rc4 41. Rf5 Rxb4 42. Rxg5+ Kf8 43. Rxd5 Rb2+ 44. Kf3 b4 45. Rb5 b3 46. h4 Kg7 47. g4 Rb1 48. g5 Kg6 49. Rb6+ Kg7 50. Ke4 b2 51. h5 Rg1 52. h6+ Kh7 53. Rxb2 Rxg5 54. Rh2 Rg6 55. Kd5 Re6 56. e4 Kg8 57. e5 Kh7 58. Rh3 Ra6 59. Kc5 Re6 60. Kd5 Ra6 61. Ke4 Ra4 62. Rh4 Ra1 63. Kd5 Ra6 64. Kc5 Re6 65.
Rh5 f6 66. exf6 Rxf6 67. d5 Rf1 68. d6 Rc1+ 69. Kb6 Rd1 70. Kc7 Rc1+ 71. Kd7 Ra1 72. Ke7 Re1+ 73. Kd7 Ra1 74. Ke6 Ra6 75. Ke7 Ra1 76. d7 Re1+ 77. Kd8 Rb1 78. Rc5 Kxh6 79. Kc7 1-0

[Event "*** Titled Tuesday Blitz"]
[Site "Chess.com"]
[Date "2019.11.05"]
[Round "4"]
[White "DanielNaroditsky"]
[Black "Gabrielian_Artur"]
[Result "1-0"]
[WhiteElo "2980"]
[BlackElo "2829"]
[TimeControl "180+2"]
[EndTime "13:55:12 PST"]
[Termination "DanielNaroditsky won by resignation"]

1. Nf3 Nf6 2. g3 g6 3. b3 Bg7 4.
Bb2 O-O 5. Bg2 d6 6. d4 Nbd7 7.
O-O e5 8. dxe5 Ng4 9. c4 dxe5 10. h3 Nh6 11. e4 c6 12. Nc3 f6 13. b4 a5 14. a3 Nf7 15. c5 b6 16. b5 Bb7 17.
cxb6 Nxb6 18. bxc6 Qxd1 19. Rfxd1 Bxc6 20. Bf1 Rfd8 21. Rac1 Rxd1 22. Rxd1 Bf8 23. Rc1 Rd8 24. Bb5 Bxb5 25.
Nxb5 Na4 26. Ba1 Rd3 27. Kg2 Rb3 28. Nc7 Bxa3 29. Rd1 Nc5 30. Nd5 Kg7 31. Re1 Bb2 32. Nd2 Bxa1 33. Rxa1 Rd3 34. Rxa5 Nb7 35. Ra2 Nbd6 36.
h4 f5 37. Nb4 Rc3 38. Nd5 Rd3 39. Nb4 Rc3 40. Nd5 Rc8 41. exf5 gxf5 42. Nf3 Rc5 43.
Ne3 f4 44. gxf4 exf4 45. Rc2 Rxc2 46. Nxc2 Kf6 47. Ncd4 h5 48. Ne2 Kf5 49. Nfd4+ Ke5 50. Kf3 Nf5 51. Nxf5 Kxf5 52. Nxf4 Ne5+ 53. Kg3 Nc4 54.
Nxh5 Nd2 55. Ng7+ Kg6 56. Ne6 Ne4+ 57. Kf3 Nd2+ 58. Kg4 Kf6 59. Ng5 Nc4 60. Ne4+ Ke5 61. f3 Ne3+ 62. Kg5 Ng2 63. h5 Ne1 64. Nd2 Ke6 65. Kg6 Nd3 66. h6 Nf4+ 67. Kg7 Nh5+ 68.
Kf8 Nf6 69. Ne4 Nd5 70. h7 Ne7 71. h8=Q Ng6+ 72. Kg7 Nxh8 73. Kxh8 Kf5 74. Nd2 Kf4 75. Kg7 Ke3 76. Kg6 Kf4 77. Kf6 Ke3 78. Ke5 1-0

[Event "*** Titled Tuesday Blitz"]
[Site "Chess.com"]
[Date "2019.11.05"]
[Round "4"]
[White "kingofthenil"]
[Black "kinga2008"]
[Result "0-1"]
[WhiteElo "2543"]
[BlackElo "1952"]
[TimeControl "180+2"]
[EndTime "13:55:21 PST"]
[Termination "kinga2008 won by checkmate"]

1. e4 c5 2. d3 d6 3. g3 Nc6 4. Bg2 g6 5. f4 Bg7 6. Nf3 Nf6 7. O-O O-O 8. Nc3 e6 9. h3 d5 10. e5 Ne8 11. g4 f6 12. exf6 Qxf6 13. Bd2 a6 14. Kh1 Qd8 15. Qe2 b5 16. Rae1 Nc7 17. Qf2 Qd6 18. Qh4 Bd7 19. Qg3 b4 20. Nd1 Rae8 21.
c3 a5 22. Ne5 Nxe5 23. fxe5 Rxf1+ 24. Bxf1 Qc6 25. Bg2 Qb5 26. Bg5 bxc3 27. bxc3 Qa4 28. Qf2 c4 29. d4 Rf8 30. Qd2 Nb5 31. Bf6 Bxf6 32. exf6 Rxf6 33. Qg5 Rf7 34. Qd2 Na3 35. Ne3 Nb5 36. Nxd5 Qa3 37. Re3 Kg7 38. Nb6 Be8 39. Nxc4 Qa4 40. Ne5 Rc7 41. c4 Nd6 42. c5 Nc4 43.
Nxc4 Qxc4 44. Re5 Rf7 45. Re1 Rd7 46. Rd1 Bf7 47. c6 Rc7 48. Qxa5 Qc2 49. Qe5+ Kg8 50. Rf1 Rc8 51. Qf6 Rf8 52. Qe7 Qxa2 53. c7 Qc4 54.
Bb7 Qxf1+ 55. Kh2 Qf2+ 56. Kh1 Qf1+ 57. Kh2 Qf2+ 58. Kh1 Qe1+ 59. Kh2 Qd2+ 60. Kg3 Qc3+ 61. Kh4 Qe1+ 62. Kg5 h6+ 63. Kxh6 Qd2+ 64. Qg5 Qxd4 65. Qe7 Qh8+ 66. Kg5 Qe5+ 67. Kh6 Qf4+ 68. Qg5 Qg3 69.
h4 Qc3 70. Qe7 Re8 71. Qd7 Qg7+ 72. Kg5 Qe5+ 73. Kh6 Qf4+ 74. g5 Qxh4# 0-1

[Event "*** Titled Tuesday Blitz"]
[Site "Chess.com"]
[Date "2019.11.05"]
[Round "4"]
[White "StockholmMissile"]
[Black "Mostii"]
[Result "1/2-1/2"]
[WhiteElo "2294"]
[BlackElo "2503"]
[TimeControl "180+2"]
[EndTime "13:57:53 PST"]
[Termination "Game drawn by 50-move rule"]

1. d4 e6 2. c4 b6 3. a3 Bb7 4. Nc3 Nf6 5. Nf3 Ne4 6. Nxe4 Bxe4 7. Nd2 Bb7 8. e4 d6 9. Bd3 Nd7 10. O-O e5 11. Nf3 Be7 12. b4 exd4 13. Nxd4 Bf6 14. Be3 O-O 15. Rc1 Ne5 16. f3 Nxd3 17. Qxd3 a5 18. Nf5 axb4 19. axb4 Ra2 20. Bd4 Bxd4+ 21. Qxd4 Qg5 22. Ng3 Rfa8 23. c5 Rd2 24. f4 Rxd4 25. fxg5 bxc5 26. bxc5 Bxe4 27. cxd6 cxd6 28. Rc7 Rf8 29.
Nxe4 Rxe4 30. Rd7 Re6 31. h3 Rg6 32. Kh2 Rxg5 33. Rxd6 h6 34. Rd7 g6 35. Ra7 Kg7 36.
Rf2 h5 37. Rb7 Rc5 38. Ra7 Rc6 39. Rb7 Re6 40. Ra7 Rf6 41. Rxf6 Kxf6 42. Ra6+ Kg7 43. h4 Re8 44. Ra2 Re5 45. Rb2 Kf6 46. Rb6+ Kf5 47.
Kh3 Re3+ 48. g3 Re5 49. Rb7 f6 50. Rb6 Rd5 51. Rb3 g5 52. hxg5 fxg5 53. Rf3+ Ke4 54.
Rf1 Rd2 55. Rf8 g4+ 56. Kh4 Rh2+ 57. Kg5 Rh3 58. Rf7 Ke3 59. Rf8 Ke2 60. Rf7 Rxg3 61.
Kxh5 Rg1 62. Kh4 g3 63. Kh3 g2 64. Kh2 Rf1 65. Re7+ Kf2 66. Rf7+ Ke2 67. Re7+ Kf2 68.
Rf7+ Ke3 69. Re7+ Kf3 70. Rf7+ Kg4 71. Rg7+ Kf5 72. Rxg2 Rb1 73. Ra2 Ke4 74. Kg2 Ke3 75. Ra3+ Kf4 76. Ra4+ Ke3 77. Ra3+ Ke2 78. Ra2+ Ke1 79.
Rc2 Rb3 80. Ra2 Kd1 81. Rf2 Rb8 82. Ra2 Rc8 83. Rb2 Ra8 84. Rf2 Ke1 85. Rb2 Rg8+ 86.
Kf3 Kd1 87. Ke3 Kc1 88. Rh2 Kd1 89. Kd3 Rd8+ 90. Kc3 Ke1 91. Kc4 Rf8 92. Kc3 Kf1 93.
Ra2 Rf3+ 94. Kd4 Rf4+ 95. Ke5 Rh4 96. Ke6 Rh5 97. Kf6 Rb5 98. Ke6 Ke1 99. Kd6 Kd1 100. Rh2 Rg5 101. Ke6 Rb5 102. Kd6 Rb8 103. Kc7 Rg8 104.
Kd6 Ke1 105. Kd5 Kf1 106. Ra2 Rg5+ 107. Ke4 Rh5 108. Kf4 Ke1 109. Kg4 Rh8 110. Kf4 Kd1 111. Ke5 Kc1 112. Rg2 Kd1 113. Kd5 Rd8+ 114. Ke6 Ra8 115. Ke5 Ke1 116. Rb2 Ra4 117. Kd5 Ra5+ 118. Kc4 Rh5 119. Kd4 Kd1 120. Ke4 Kc1 121. Rg2 Rh8 122. Kf3 1/2-1/2

[Event "*** Titled Tuesday Blitz"]
[Site "Chess.com"]
[Date "2019.11.05"]
[Round "4"]
[White "misha_melnichuk"]
[Black "davigator"]
[Result "0-1"]
[WhiteElo "2509"]
[BlackElo "2307"]
[TimeControl "180+2"]
[EndTime "13:59:06 PST"]
[Termination "davigator won by checkmate"]

1. Nf3 d5 2. g3 Bg4 3. Bg2 Nd7 4. O-O e6 5. d4 c6 6. b3 Ngf6 7. c4 Be7 8. Bb2 O-O 9. Nc3 a5 10. e3 Nb6 11. Qe2 a4 12. c5 a3 13. Bc1 Nbd7 14.
Na4 e5 15. h3 Bxf3 16. Qxf3 Re8 17. Bxa3 b5 18. cxb6 Bxa3 19. dxe5 Nxe5 20. Qf5 Bd6 21. Rac1 g6 22. Qc2 c5 23. Rfd1 Ned7 24. g4 h6 25. Rxd5 Nxb6 26. Rd2 Nxa4 27. Bxa8 Qxa8 28. Rxd6 Ne4 29.
Rd7 Qc6 30. Rcd1 Nac3 31. R1d3 Nb5 32. R7d5 Nc7 33. Rd7 Ne6 34. Qc4 Nf6 35. R7d6 Qf3 36.
Kf1 Qxh3+ 37. Ke1 Qxg4 38. Kd2 Qxc4 39. bxc4 Ra8 40. Ke1 Rxa2 41. Rc6 Ne4 42. f3 N4g5 43. f4 Ne4 44. Rd7 Ng3 45. Rc8+ Kg7 46. Rb8 Re2+ 47.
Kd1 Rxe3 48. Rbb7 Nf5 49. Rxf7+ Kg8 50. Rfd7 Nf8 51. Rd8 Re7 52. Rbb8 Rf7 53. Rbc8 h5 54. Rxc5 h4 55. Re5 h3 56. Re2 Rh7 57. Rh2 Ne3+ 58. Ke1 Ng4 59. Rh1 h2 60. Rd3 Ne6 61. Rg3 Rh4 62. Kf1 Kf7 63. Rg2 Kf6 64. c5 Nxc5 65.
Rc2 Nd3 66. Rc6+ Kf5 67. Ra6 Kxf4 68. Ra4+ Kf5 69. Ra5+ Nde5 70. Ra2 g5 71. Rg2 Ne3+ 72.
Kf2 Nxg2 73. Kxg2 Ra4 74. Rf1+ Kg4 75. Kh1 Nf3 76. Re1 Kf4 77. Rf1 g4 78. Rd1 Ng5 79. Rf1+ Ke5 80. Kxh2 Ra3 81. Re1+ Ne4 82. Kg2 Kf4 83. Rf1+ Kg5 84. Rf8 Ra2+ 85. Kg1 Kh4 86. Rf1 Kg3 87. Rb1 Rg2+ 88. Kf1 Rh2 89. Rb3+ Kf4 90.
Kg1 g3 91. Rb4 Ra2 92. Rb1 Nf2 93. Rb4+ Kg5 94. Kg2 Ra3 95. Rb1 Ng4 96. Rb5+ Kh4 97. Rb2 Rc3 98. Re2 Ne3+ 99. Kf3 Nd1+ 100. Kg2 Nf2 101. Rd2 Ng4 102. Re2 Re3 103. Rd2 Re6 104.
Rb2 Rf6 105. Kg1 Rf2 106. Rb8 Ra2 107. Rh8+ Kg5 108. Rg8+ Kf4 109. Rf8+ Ke3 110. Re8+ Kf3 111. Rf8+ Ke4 112. Re8+ Ne5 113. Kf1 g2+ 114. Kg1 Kf4 115. Rf8+ Ke3 116. Re8 Kf3 117. Rf8+ Kg3 118. Rg8+ Ng4 119. Rxg4+ Kxg4 120.
Kh2 Kf3 121. Kg1 Ra1+ 122. Kh2 Rh1# 0-1

[Event "*** Titled Tuesday Blitz"]
[Site "Chess.com"]
[Date "2019.11.05"]
[Round "5"]
[White "GadimbayliA"]
[Black "Zhuu96"]
[Result "1/2-1/2"]
[WhiteElo "2931"]
[BlackElo "2985"]
[TimeControl "180+2"]
[EndTime "14:00:00 PST"]
[Termination "Game drawn by agreement"]

1. e4 c5 2. Nf3 d6 3. d4 cxd4 4. Nxd4 Nf6 5. Nc3 a6 6. g3 e6 7.
Bg2 Be7 8. O-O O-O 9. f4 Qc7 10. Be3 Nc6 11. Kh1 1/2-1/2

[Event "*** Titled Tuesday Blitz"]
[Site "Chess.com"]
[Date "2019.11.05"]
[Round "5"]
[White "Sjakkerntobi"]
[Black "Feegus"]
[Result "1-0"]
[WhiteElo "2126"]
[BlackElo "2340"]
[TimeControl "180+2"]
[EndTime "14:01:53 PST"]
[Termination "Sjakkerntobi won by resignation"]

1. e4 e6 2. d4 d5 3. Nd2 Nc6 4. Ngf3 Nf6 5. e5 Nd7 6. c4 f6 7. cxd5 exd5 8. Bb5 fxe5 9. dxe5 Bc5 10. Nb3 Bb4+ 11.
Bd2 Qe7 12. O-O Bxd2 13. Qxd2 Nb6 14. Nbd4 Bd7 15. e6 O-O 16. exd7 Qxd7 17. Bxc6 bxc6 18. Rac1 Nc4 19. Qc3 Rae8 20. b3 Nd6 21. Qxc6 Qf7 22. Qxc7 1-0

[Event "*** Titled Tuesday Blitz"]
[Site "Chess.com"]
[Date "2019.11.05"]
[Round "5"]
[White "1f3_2g41-0"]
[Black "ranu540"]
[Result "1-0"]
[WhiteElo "2288"]
[BlackElo "1723"]
[TimeControl "180+2"]
[EndTime "14:02:49 PST"]
[Termination "1f3_2g41-0 won by checkmate"]

1. e4 c5 2. Nf3 Nc6 3. Bb5 a6 4.
Bxc6 bxc6 5. O-O d5 6. Re1 Nf6 7. Nc3 Bg4 8. exd5 cxd5 9. d4 cxd4 10. Qxd4 e6 11. Bg5 h6 12. Bxf6 gxf6 13. Qxg4 Rb8 14. Rad1 Rxb2 15. Rxd5 Qc7 16. Qa4+ Ke7 17. Qa3+ Ke8 18.
Qxb2 Be7 19. Rd3 Kf8 20. Ne4 Qc6 21. Nxf6 Bxf6 22. Qxf6 Rg8 23. Rd8+ Qe8 24. Rxe8+ Kxe8 25. Rd1 Rg6 26. Rd8# 1-0

[Event "*** Titled Tuesday Blitz"]
[Site "Chess.com"]
[Date "2019.11.05"]
[Round "5"]
[White "Perecke"]
[Black "Frolik67"]
[Result "1-0"]
[WhiteElo "2150"]
[BlackElo "2527"]
[TimeControl "180+2"]
[EndTime "14:02:53 PST"]
[Termination "Perecke won by resignation"]

1. e4 e6 2. d4 d5 3. Nc3 Nf6 4. e5 Nfd7 5. Nce2 c5 6. c3 Nc6 7. f4 cxd4 8. cxd4 f6 9. Nf3 Bb4+ 10. Bd2 Bxd2+ 11. Qxd2 fxe5 12. fxe5 O-O 13. Nc3 a6 14. Bd3 Rxf3 15. gxf3 Qh4+ 16. Qf2 Qxd4 17. Qxd4 Nxd4 18. f4 b5 19. O-O-O Nc6 20. Be2 Bb7 21. Bg4 Kf7 22.
Nxd5 exd5 23. Bxd7 Na5 24. b3 Ke7 25. Bf5 g6 26. Bd3 Rf8 27. Rhf1 Nc6 28. Bb1 Ke6 29. a3 b4 30. a4 a5 31. Bd3 Nd4 32. Kb2 Nf3 33.
Rxf3 1-0

[Event "*** Titled Tuesday Blitz"]
[Site "Chess.com"]
[Date "2019.11.05"]
[Round "5"]
[White "Zavgorodniy_Serg"]
[Black "Torrentec"]
[Result "1-0"]
[WhiteElo "2586"]
[BlackElo "2367"]
[TimeControl "180+2"]
[EndTime "14:03:07 PST"]
[Termination "Zavgorodniy_Serg won by resignation"]

1. e4 e5 2. Nf3 Nc6 3. Bb5 a6 4. Bxc6 dxc6 5. O-O Bg4 6. h3 h5 7. d3 Qf6 8. Re1 Bxf3 9. Qxf3 Qxf3 10. gxf3 Bd6 11.
Nc3 Ne7 12. Ne2 Ng6 13. Kh1 O-O-O 14. Rg1 c5 15. b3 b5 16. a4 Kb7 17. Be3 Rd7 18.
Rg5 Rh7 19. axb5 axb5 20. Rag1 Bf8 21. f4 exf4 22. Nxf4 Nxf4 23. Bxf4 g6 24. Be3 Kc6 25. Ra1 Bh6 26. Rxc5+ Kd6 27. Rd5+ Ke7 28. Bc5+ Ke6 29. Ra6+ 1-0